AoeStats
← WoFaz

Golden Pit

509283841Analyzed
1v1 RM · 7d ago on Sep 26, 2026· 42m 52s· 2 players
Game mode
Random Map
Map size
Tiny (2 player)
Population
200
Speed
Normal
Resources
Standard
Victory
Conquest
Starting age
Dark Age
Ending age
Imperial Age
RankedLock teamsTeams togetherTeam positionsShared explorationLock speedFull tech treeHidden civsTurbo modeCheats
Victory
Defeat
🇦🇹 Celts · Austria
613
+14
🇫🇷 Malians · France
571
-18
audreyroussel.83
9:29 Feudal Age
13:49 Loom
17:26 Forging
24:28 Scale Barding Armor
24:48 Bloodlines
24:42 Man-at-Arms
25:45 Scale Mail Armor
30:12 Castle Age
32:14 Chain Barding Armor
31:50 Stone Mining
32:04 Double-Bit Axe
35:11 Murder Holes
34:49 Long Swordsman
38:47 Husbandry
40:36 Fletching
42:17 Iron Casting
WoFaz
11:46 Feudal Age
10:35 Loom
12:12 Double-Bit Axe
12:10 Horse Collar
11:55 Man-at-Arms
12:38 Town Watch
15:56 Gold Mining
16:39 Stone Mining
18:13 Scale Mail Armor
22:22 Castle Age
21:23 Forging
22:30 Pikeman
23:58 Fletching
25:02 Padded Archer Armor
26:33 Bow Saw
30:49 Bodkin Arrow
32:45 Wheelbarrow
32:30 Heavy Plow
33:40 Ballistics
37:48 Imperial Age
35:56 Chain Mail Armor
35:30 Arson
35:45 Murder Holes
36:34 Fervor
36:43 Stronghold
39:33 Conscription
39:30 Heavy Mounted Crossbowman
40:54 Iron Casting
42:18 Gold Shaft Mining
Connection lost

Rejoining the realm…

Still unreachable

The connection could not be restored.

Session expired

The server has moved on; the page needs a fresh start.